 Dungeon Crawl Stone Soup version 0.30-a0-586-g23e55c9e0a (webtiles) character file.

Game seed: 15123868631933788112

2048 Dartaoz the Gusty (level 9, 0/52 HPs)
             Began as a Tengu Air Elementalist on Jan 3, 2023.
             Slain by an ogre
             ... wielding a +0 giant spiked club
              (23 damage)
             ... on level 6 of the Dungeon.
             The game lasted 00:33:45 (7247 turns).

Dartaoz the Gusty (Tengu Air Elementalist)          Turns: 7247, Time: 00:33:45

Health: 0/52       AC:  6    Str:  9    XL:     9   Next: 25%
Magic:  15/17      EV: 18    Int: 20    God:
Gold:   238        SH:  0    Dex: 18    Spells: 7/17 levels left

rFire   + . .      SeeInvis .    y - +6 short sword of Courage {venom, rPois rCorr Dex+4}
rCold   . . .      Faith    .    (no shield)
rNeg    . . .      Spirit   .    A - +2 robe {rF+}
rPois   +          Reflect  .    (helmet restricted)
rElec   .          Harm     .    q - +0 cloak
rCorr   +          Rampage  .    d - +0 pair of gloves
Will    .....                    (boots unavailable)
Stlth   +++                      c - amulet of regeneration
HPRegen 1.08/turn                s - ring of resist corrosion
MPRegen 0.15/turn                (no ring)

@: flying quickly and evasively, quick
A: beak, talons 3, nimble flight
a: no special abilities


You were on level 6 of the Dungeon.
You visited 1 branch of the dungeon, and saw 7 of its levels.

You collected 238 gold pieces.

Inventory:

Hand Weapons
 u - a +2 quarterstaff of chaos
 y - the +6 short sword of Courage (weapon) {venom, rPois rCorr Dex+4}
   (You took it off a gnoll on level 5 of the Dungeon)

   It poisons the flesh of those it strikes.
   Dex:       It affects your dexterity (+4).
   rPois:     It protects you from poison.
   rCorr:     It protects you from acid and corrosion.
Armour
 a - a +0 robe
 d - a +0 pair of gloves (worn)
 q - a +0 cloak (worn)
 A - a +2 robe of fire resistance (worn)
Jewellery
 c - an amulet of regeneration (around neck)
 s - a ring of resist corrosion (left hand)
Wands
 w - a wand of charming (8)
 B - a wand of flame (4)
 D - a wand of polymorph (8)
Scrolls
 e - a scroll of torment {unknown}
 f - 2 scrolls of vulnerability
 m - a scroll of acquirement {unknown}
 n - 3 scrolls of teleportation {unknown}
 r - a scroll of summoning {unknown}
 v - 2 scrolls of blinking {unknown}
 x - a scroll of noise {unknown}
 z - a scroll of enchant weapon {unknown}
 C - a scroll of immolation {unknown}
Potions
 b - a potion of brilliance
 g - 2 potions of invisibility
 h - 3 potions of haste
 i - a potion of attraction
 j - 6 potions of heal wounds
 k - 3 potions of curing
 l - 6 potions of degeneration
 o - a potion of ambrosia {unknown}
 p - a potion of resistance {unknown}
 t - a potion of cancellation {unknown}


   Skills:
 + Level 4.5 Fighting
 + Level 5.8 Dodging
 + Level 5.5 Stealth
 + Level 4.7 Spellcasting
 + Level 6.5 Conjurations
 + Level 7.3 Air Magic


You had 7 spell levels left.
You knew the following spells:

 Your Spells              Type           Power      Damage    Failure   Level
a - Shock                 Conj/Air       100%       1d9       1%          1
b - Static Discharge      Conj/Air       64%        2-5/arc   1%          2
c - Swiftness             Air            34%        N/A       1%          3
d - Airstrike             Air            17%        2d(3-19)  6%          4

Your spell library contained the following spells:

 Spells                   Type           Power      Damage    Failure   Level
 Sticky Flame             Conj/Fire      17%        2d4       30%         4
 Ignite Poison            Fire/Tmut/Pois 4%         N/A       34%         3
 Borgnjor's Revivificati  Necr           2%         N/A       100%        8
 Ignition                 Fire           2%         3d3       100%        8
 Necromutation            Tmut/Necr      2%         N/A       100%        8
 Death's Door             Necr           2%         N/A       100%        9


Dungeon Overview and Level Annotations

Branches:
Dungeon (7/15)
 Temple: D:4-7

Altars:
Nemelex Xobeh
Okawaru
Trog
Xom

Annotations:
D:7 Menkaure, Pikel


Innate Abilities, Weirdness & Mutations

You have a beak for a mouth.
You have claws for feet.
Your magical nature lets you fly swiftly and evasively.


Message History

There is a stone staircase leading up here.
Pikel shouts!
You hear a shout!
You fly upwards.
Reactivating autopickup.
There is a stone staircase leading down here.
You start resting.
HP restored.
You start resting.
Magic restored.
You fly downwards.
Level annotation: Menkaure, Pikel The lemure misses you.
There is a stone staircase leading up here.
You hit the lemure.
The lemure is poisoned.
Your kick misses the lemure.
The lemure is lightly wounded.
The lemure barely misses you.
You closely miss the lemure.
The lemure is lightly wounded.
The lemure barely misses you.
Pikel says, "I'm sure they'll be treated well, anyway."
The lemure closely misses you.
The ogre hits you with a +0 giant spiked club!!
Ouch! That really hurt!
You fly upwards.
There is a stone staircase leading down here.
Casting: Airstrike (dangerous; 6% risk of failure)
Confirm with . or Enter, or press ? or * to list all spells.
The ogre is struck by an arc of lightning.
The ogre is lightly wounded.
The lemure is struck by an arc of lightning.
The lemure is moderately wounded.
The ogre is struck by an arc of lightning.
The ogre is moderately wounded.
The lightning grounds out.
The lemure is struck by an arc of lightning.
The lemure is heavily wounded.
You are struck by an arc of lightning.
The lightning grounds out.
The lemure barely misses you.
The ogre hits you with a +0 giant spiked club!!
You die...

### #.>...## #### ###.#
##.....# #.##
####...###.....####.#.
##..#....##.....#.#....
#.......###.........###
##.......#...........#
#####..................###
#..##...O.......#......##.
#.......5@.....##..~~≈....
##.....).......~~~~≈≈###...
##)...........≈~~≈..≈.#.....
##............≈≈~.......[....
#.........#####≈#..##..##....
#...#....## #.#≈≈≈≈≈≈≈##...
#######..# #...~~~..#....#
##.######...........###
#.....##....#..........


You could see an ogre and a lemure (very poisoned).

Vanquished Creatures
  Grinder (D:6)
  A water moccasin (D:5)
  A sky beast (D:6)
  An orc warrior (D:6)
  A black bear (D:4)
  2 ogres
  2 centaurs (D:6)
  A lemure (D:7)
  2 bullfrogs
  A gnoll sergeant (D:5)
  4 necrophages
  2 scorpions
  A howler monkey (D:5)
  Crazy Yiuf (D:3)
  4 hounds
  An orc wizard (D:6)
  5 iguanas
  8 gnolls
  5 adders
  A white imp (D:6)
  An ufetubus (D:6)
  4 worms
  9 dart slugs
  16 orcs
  10 bats
  4 endoplasms
  5 giant cockroaches
  4 goblins
  4 hobgoblins
  4 jackals
  3 quokkas
  9 ball pythons
  A frilled lizard (D:1)
  6 kobolds
  4 rats
  A spectral hobgoblin (D:3)
130 creatures vanquished.

Notes
Turn   | Place    | Note
-------+----------+-------------------------------------------
     0 | D:1      | Dartaoz the Tengu Air Elementalist began the quest for the
                  | Orb.
     0 | D:1      | Reached XP level 1. HP: 10/10 MP: 4/4
   378 | D:1      | Reached XP level 2. HP: 16/16 MP: 0/6
   726 | D:1      | Reached XP level 3. HP: 12/20 MP: 1/7
   857 | D:1      | Reached skill level 1 in Fighting
  1623 | D:2      | Reached XP level 4. HP: 25/25 MP: 2/8
  1783 | D:2      | Learned a level 2 spell: Static Discharge
  1787 | D:2      | Learned a level 3 spell: Swiftness
  2829 | D:3      | Gained mutation: Your magical nature lets you fly swiftly
                  | and evasively. [Tengu growth]
  2829 | D:3      | Reached XP level 5. HP: 26/29 MP: 3/9
  2906 | D:3      | Found a shimmering altar of Xom.
  3017 | D:3      | Found a faded altar of an unknown god.
  3145 | D:3      | Found a runed translucent door.
  3146 | D:3      | Noticed Crazy Yiuf
  3298 | D:3      | Killed Crazy Yiuf
  3379 | D:4      | Found a sparkling altar of Nemelex Xobeh.
  3420 | D:4      | Noticed a black bear
  3434 | D:4      | Killed a black bear
  3435 | D:4      | Reached skill level 5 in Air Magic
  3435 | D:4      | Reached XP level 6. HP: 17/35 MP: 5/11
  3500 | D:4      | Learned a level 4 spell: Airstrike
  4599 | D:5      | Entered Level 5 of the Dungeon
  4700 | D:5      | Reached XP level 7. HP: 40/40 MP: 2/12
  5011 | D:5      | Identified the +6 short sword of Courage {venom, rPois
                  | rCorr Dex+4}
  5457 | D:5      | Reached skill level 6 in Air Magic
  5457 | D:5      | Reached XP level 8. HP: 36/46 MP: 1/14
  5771 | D:6      | Reached skill level 5 in Conjurations
  5897 | D:6      | Found a bloodstained altar of Trog.
  6295 | D:6      | Reached skill level 5 in Dodging
  6523 | D:6      | Reached skill level 5 in Stealth
  6851 | D:6      | Noticed Grinder
  6856 | D:6      | Killed Grinder
  6857 | D:6      | Reached skill level 7 in Air Magic
  6857 | D:6      | Reached XP level 9. HP: 52/52 MP: 2/16
  7056 | D:7      | Noticed Pikel
  7090 | D:7      | Found an iron altar of Okawaru.
  7107 | D:7      | Noticed Menkaure
  7247 | D:6      | Slain by an ogre

Illustrated notes

Levels and vault maps discovered:
D:1:      nicolae_arrival_somewhat_less_tricky_arrival, layout_loops_ring,
          minmay_misc_feat_x, minmay_pentomino_v4
D:2:      layout_basic, st_stairs_6
D:3:      layout_loops_ring, xom_teletrap_fun,
          dreamdust_ecumenical_altar_drowned_temple, uniq_crazy_yiuf_cottage
D:4:      layout_basic, nicolae_overflow_hidden_temple, hangedman_glass_teeth
D:5:      layout_cave_pools
D:6:      layout_cave_pools, marbit_many_paths, serial_rivers,
          chequers_serial_rivers_marsh, chequers_serial_rivers_micro_e,
          chequers_serial_rivers_small_b, chequers_serial_rivers_small_a,
          kennysheep_small_circle, uniq_grinder
D:7:      layout_basic, okawaru_metal_pillars_1_2,
          minmay_temple_entry_butterflies, uniq_menkaure, uniq_pikel

Skill      XL: |  1  2  3  4  5  6  7  8 |
---------------+-------------------------+-----
Conjurations   | 2 3 4 6 |  6.5
Fighting       | 1 2 3 4 |  4.5
Dodging        | 3 4 5 |  5.8
Stealth        | 3 4 5 |  5.5
Air Magic      | 5 6 7 |  7.3
Spellcasting   | 3 4 |  4.7

Action                   |  1- 3 |  4- 6 |  7- 9 || total
-------------------------+-------+-------+-------++-------
Melee: Unarmed           |    12 |    26 |       ||    38
       Kick              |     5 |    10 |     6 ||    21
       Peck              |     3 |     5 |     7 ||    15
       Quarterstaff      |       |       |     5 ||     5
       Short sword       |       |       |    19 ||    19
 Cast: Shock             |    75 |   108 |   124 ||   307
       Static Discharge  |       |    13 |     2 ||    15
       Airstrike         |       |     2 |    18 ||    20
       Swiftness         |       |       |     1 ||     1
  Use: Scroll            |       |     8 |       ||     8
       Potion            |       |     2 |       ||     2
Armor: Robe              |     1 |    13 |     2 ||    16
Dodge: Dodged            |    20 |    41 |    45 ||   106

Table legend: (Time is in decaauts)
 A = Elapsed time spent in this place.
 B = Non-inter-level travel time spent in this place.
 C = Inter-level travel time spent in this place.
 D = Time resting spent in this place.
 E = Time spent auto-exploring this place.
 F = Levels seen in this place.
 G = Mean time per level.
                   A        B        C        D        E       F      G
               +--------+--------+--------+--------+--------+-----+--------+
         Total |   7016 |   6928 |     88 |    773 |   5172 |   7 | 1002.3 |
       Dungeon |   7016 |   6928 |     88 |    773 |   5172 |   7 | 1002.3 |
               +--------+--------+--------+--------+--------+-----+--------+

Top non-repeatable levels by time:
     D:6: 1311 daAuts
     D:1: 1265 daAuts
     D:4: 1218 daAuts
     D:3: 1140 daAuts
     D:5: 1030 daAuts
     D:2: 941 daAuts
     D:7: 109 daAuts
